 Dungeon Crawl Stone Soup version 0.30.1 (webtiles) character file.

Game seed: 1369078090785157437

23 spardeous the Digger (level 2, 0/11 HPs)
             Began as a Felid Earth Elementalist on July 12, 2023.
             Killed by divine providence
             ... invoked by an orc priest
              (11 damage)
             ... on level 3 of the Dungeon.
             The game lasted 00:01:42 (546 turns).

spardeous the Digger (Felid Earth Elementalist)      Turns: 546, Time: 00:01:42

Health: 0/11       AC:  1    Str:  4    XL:     2   Next: 72%
Magic:  5/6        EV: 18    Int: 16    God:
Gold:   32         SH:  0    Dex: 16    Spells: 4/5 levels left
                                        Lives:  0   Deaths: 0

rFire   . . .        (weapon unavailable)
rCold   . . .        (shield unavailable)
rNeg    . . .        (body armour unavailable)
rPois   .            (helmet unavailable)
rElec   .            (cloak unavailable)
rCorr   .            (gloves unavailable)
SInv    +            (boots unavailable)
Will    .....        (no amulet)
Stlth   ++           (no ring)
HPRegen 0.21/turn    (no ring)
MPRegen 0.10/turn

%: no passive effects
@: quick
A: very small, claws 1, fangs 3, see invisible, speed 1, shaggy fur 1, stealthy
paws, no weapons or thrown items, no armour, multi-lived
a: no special abilities


You were on level 3 of the Dungeon.
You visited 1 branch of the dungeon, and saw 3 of its levels.

You collected 32 gold pieces.

Inventory:

Scrolls
 b - a scroll of fog {unknown}
 c - 2 scrolls of identify {unknown}
Potions
 a - a potion of magic
 d - a potion of lignification {unknown}


   Skills:
 + Level 3.3 Dodging
 - Level 2.6 Stealth
 - Level 2.0 Spellcasting
 - Level 1.1 Transmutations
 * Level 3.4 Earth Magic


You had 4 spell levels left.
You knew the following spells:

 Your Spells              Type           Power      Damage    Failure   Level
a - Sandblast             Erth           24%        2d8       5%          1

Your spell library contained the following spells:

 Spells                   Type           Power      Damage    Failure   Level
 Passwall                 Tmut/Erth      6%         N/A       12%         2
 Stone Arrow              Conj/Erth      14%        3d7       30%         3
 Petrify                  Tmut/Erth      8%         N/A       63%         4


Dungeon Overview and Level Annotations

Branches:
Dungeon (3/15)

Altars:

Portals:
Sewer: D:3


Innate Abilities, Weirdness & Mutations

You have sharp claws.
You have razor-sharp teeth.
You have supernaturally acute eyesight. (SInv)
You cover ground quickly. (Speed+)
You are covered in fur. (AC +1)
Your paws help you pounce on unaware monsters.
You are incapable of wielding weapons or throwing items.
You cannot wear armour.
You gain extra lives every three experience levels.


Message History

Aim: a hobgoblin (severely wounded, 82% to hit)
The blast of sand hits the hobgoblin!
You kill the hobgoblin!
Found a stone staircase leading up.
There is a stone staircase leading up here.
Found a murky coppery potion.
d - a murky coppery potion You hear the rusting of a drain nearby.
As you open the door, it creaks loudly!
Found 14 gold pieces and a scroll labelled FEPUTY LAVE.
Found 6 gold pieces.
Found a stone staircase leading down.
There is an open door here.
You now have 26 gold pieces (gained 14).
c - 2 scrolls labelled FEPUTY LAVE (gained 1)
You now have 32 gold pieces (gained 6).
There is an open door here.
Found a stone staircase leading up.
An orc comes into view. It is wielding a +0 dagger.
An orc comes into view.
It is wielding a +0 short sword of speed.
Found a glowing drain.
Found a short sword.
A rat comes into view.
Casting: Sandblast (safe; 5% risk of failure)
Confirm with . or Enter, or press ? or * to list all spells.
Aiming: Sandblast (safe; 5% risk of failure)
Press: ? - help, Shift-Dir - straight line, f - rat
Aim: a rat (82% to hit)
The blast of sand hits the rat!
You kill the rat!
Casting: Sandblast (safe; 5% risk of failure)
Confirm with . or Enter, or press ? or * to list all spells.
You can't see any susceptible monsters within range! (Use Z to cast anyway.) Unknown command.
Found a club.
An orc priest comes into view. It is wielding a +0 mace.
The orc shouts!
The orc priest shouts!
The orc priest invokes the aid of Beogh against you.
Beogh smites you!
Ouch! That really hurt!
You die...

#.###.##.....
#...o.......###....
.....####.........
).................
#.o.#####.####.... #o.
..# #.# ##..#
#####.###)# #.# #.##
###.........# #.# #.#
.......@....###.# #.#
###...~~~.......# #.#
#..~~~~~..#.#######.##
#...~~∩~~..#.# #......
#....~~~~~..#.#
#.##.##
......~~~...#.#
#.##.##
##..........#.#
#.##... .#...........#
#.##### ..#####...##
#.#####


You could see an orc priest and 2 orcs.

Vanquished Creatures
  An adder (D:3)
  A dart slug (D:3)
  A bat (D:3)
  An endoplasm (D:1)
  A hobgoblin (D:3)
  2 jackals (D:1)
  A ball python (D:2)
  2 goblins
  A rat (D:3)
11 creatures vanquished.

Notes
Turn   | Place    | Note
-------+----------+-------------------------------------------
     0 | D:1      | spardeous the Felid Earth Elementalist began the quest for
                  | the Orb.
     0 | D:1      | Reached XP level 1. HP: 7/7 MP: 4/4
   278 | D:3      | Reached XP level 2. HP: 11/11 MP: 0/6
   532 | D:3      | Found a glowing drain.
   546 | D:3      | Killed from afar by an orc priest

Illustrated notes

Levels and vault maps discovered:
D:1:      psy_arrival_whirlpool, layout_loops_ring
D:2:      layout_basic, basic_altar
D:3:      layout_loops_corners, portal_sewer_entry_a, serial_bayou_lagoon_a,
          uniq_robin

Skill      XL: |  1 |
---------------+----+-----
Earth Magic    | 3 |  3.4
Dodging        | 3 |  3.3
Stealth        | |  2.6
Spellcasting   | |  2.0
Transmutations | |  1.1

Action                     || total
---------------------------++-------
   Cast: Sandblast         ||    18
  Dodge: Dodged            ||     8
